 Dungeon Crawl Stone Soup version 0.16-a0-1970-g0967df0 (webtiles) character file.

750 timbw the Magician (level 7, 25/45 HPs)
             Began as a High Elf Summoner on Nov 7, 2014.
             Quit the game in the Ecumenical Temple.
             The game lasted 00:14:40 (2701 turns).

timbw the Magician (High Elf Summoner)              Turns: 2701, Time: 00:14:40

Health: 25/45      AC: 11    Str:  7    XL:     7   Next: 48%
Magic:  20/20      EV: 10    Int: 21    God:
Gold:   171        SH:  0    Dex: 16    Spells: 5 memorised, 5 levels left

rFire  + . .     SeeInvis .     j - +1 whip (freeze)
rCold  + . .     Clarity  .     E - +0 leather armour
rNeg   . . .     SustAb   .     (no shield)
rPois  .         Gourm    .     i - +2 hat
rElec  +         Spirit   .     (no cloak)
rCorr  .         Warding  .     n - +0 pair of gloves
rMut   +         Stasis   .     (no boots)
MR     .....                    o - amulet of resist mutation
Stlth  ++........               B - ring of protection from fire
                                A - +3 ring of protection

@: not resistant to hostile enchantments, unstealthy
A: yellow scales 1, cold resistance 1, low mp 1, robust 1, electricity
resistance, no device heal 1
a: no special abilities


You were in the Ecumenical Temple.
You were not hungry.

You visited 2 branches of the dungeon, and saw 9 of its levels.

You collected 171 gold pieces.

Inventory:

Hand weapons
 e - a +0 dagger
 j - a +1 whip of freezing (weapon)
Armour
 a - a +0 robe
 i - a +2 hat (worn)
 n - a +0 pair of gloves (worn)
 E - a +0 leather armour (worn)
Jewellery
 o - an amulet of resist mutation (around neck)
 z - an uncursed amulet of guardian spirit
 A - a +3 ring of protection (left hand)
 B - a ring of protection from fire (right hand)
Magical devices
 d - a wand of cold (9)
Scrolls
 h - a scroll of remove curse
 t - a scroll of blinking {unknown}
 u - a scroll of brand weapon {unknown}
 v - 3 scrolls of identify
 x - a scroll of random uselessness {unknown}
 y - 2 scrolls of teleportation {unknown}
 D - a scroll of noise {unknown}
Potions
 g - 2 potions of heal wounds
 k - a potion of haste {unknown}
 l - a potion of might {unknown}
 m - a potion of agility {unknown}
 q - a potion of beneficial mutation {unknown}
 r - 2 potions of poison {unknown}
 w - a potion of resistance {unknown}
 F - a potion of cure mutation {unknown}
Books
 b - a book of Callings

   Spells                             Type                      Level
   *Summon Small Mammal               Summoning                    1
   *Call Imp                          Summoning                    2
   *Call Canine Familiar              Summoning                    3
   Summon Guardian Golem              Hexes/Summoning              4
   *Summon Lightning Spire            Summoning/Air                4
   *Summon Ice Beast                  Ice/Summoning                4
Comestibles
 c - 3 bread rations
 f - 2 beef jerkies
 p - 4 fruits
 s - 2 meat rations
 C - a chunk of flesh


   Skills:
 - Level 2.1 Dodging
 - Level 2.1 Stealth
 + Level 6.9 Spellcasting
 + Level 6.5 Summonings


You had 5 spell levels left.
You knew the following spells:

 Your Spells              Type           Power        Failure   Level  Hunger
a - Summon Small Mammal   Summ           ####         1%          1    None
b - Call Imp              Summ           ####....     1%          2    None
c - Call Canine Familiar  Summ           ####....     1%          3    #......
d - Summon Lightning Spi  Summ/Air       ###.....     28%         4    ###....
e - Summon Ice Beast      Ice/Summ       ###.....     28%         4    ###....


Dungeon Overview and Level Annotations

Branches:
Dungeon (8/15)             Temple (1/1) D:4
   Lair: D:8-11

Altars:
Ashenzari
Cheibriados
Dithmenos
Elyvilon
Fedhas
Kikubaaqudgha
Makhleb
Okawaru
Qazlal
Ru
Trog
Vehumet
Yredelemnul
Zin
The Shining One
Lugonu

Annotations:
D:6 timbw's ghost, average HESu


Innate Abilities, Weirdness & Mutations

You are partially covered in yellow scales (AC +2).
Your flesh is cold resistant.
Your magical capacity is low (-10% MP).
You are robust (+10% HP).
You are resistant to electric shocks.
Potions and wands are less effective at restoring your health.


Message History

A goblin comes into view.
Your crimson imp blinks!
You hit the goblin. You freeze the goblin.
The goblin is almost dead.
The goblin hits you.
You whack the goblin! You freeze the goblin.
You kill the goblin!
Found 9 bolts.
Found a staircase to the Ecumenical Temple.
There is a staircase to the Ecumenical Temple here.
You climb downwards.
Welcome to the Ecumenical Temple!
There is a staircase back to the Dungeon here.
Found a glowing silver altar of Zin.
Found a white marble altar of Elyvilon and three corrupted altars of Lugonu.
Found a bloodstained altar of Trog.
Found three altars.
Found a stormy altar of Qazlal.
Found a corrupted altar of Lugonu.
Found a sacrificial altar of Ru.
Are you sure you want to abandon this character and quit the game? (Confirm with "yes".)

#...# #...# #≈..#
#§..# #...# ###
#...# ###
##≈_.###..≈###._≈##
#..........≈......#
#_.⌠._..≈.#@._.⌠._#
##...............≈#
#≈_.####.####._.##
#### #...# ####
#._.# ..... #_.⌠._#
#...≈.# ##._.##


There were no monsters in sight!

Vanquished Creatures
  Natasha (D:3)
  2 worker ants (D:7)
  An iguana (D:4)
  A shadow imp (D:8)
  A giant gecko (D:7)
  An orc (D:7)
  A ball python (D:4)
  A giant cockroach (D:7)
  2 hobgoblins
  3 jackals
  A quokka (D:6)
  3 bats
  6 goblins
  A hobgoblin zombie (D:7)
  2 kobolds
  A rat (D:3)
28 creatures vanquished.

Vanquished Creatures (collateral kills)
  Eustachio (D:5)
  A hippogriff (D:7)
  A sky beast (D:5)
  4 ogres
  2 scorpions (D:7)
  A crimson imp (D:5)
  2 hounds
  An orc priest (D:4)
  4 iguanas
  3 orc wizards
  A worker ant (D:4)
  Natasha (D:3)
  3 shadow imps
  An adder (D:6)
  A worm (D:5)
  A giant gecko (D:6)
  4 orcs
  4 bats
  A giant cockroach (D:3)
  7 goblins
  4 hobgoblins
  A quokka (D:4)
  A ball python (D:4)
  2 giant newts
  10 jackals
  3 kobolds (D:3)
  4 rats
69 creatures vanquished.

Vanquished Creatures (others)
  A wolf (D:7)
  6 crimson imps
  14 hounds
  2 shadow imps
  5 white imps
  A bat (D:3)
  3 quokkas
  6 rats
38 creatures vanquished.

Grand Total: 135 creatures vanquished

Notes
Turn   | Place    | Note
--------------------------------------------------------------
     0 | D:1      | timbw, the High Elf Summoner, began the quest for the Orb.
     0 | D:1      | Reached XP level 1. HP: 11/11 MP: 4/4
   278 | D:3      | Found a shadowy altar of Dithmenos.
   278 | D:3      | Found a basalt altar of Yredelemnul.
   308 | D:3      | Reached XP level 2. HP: 9/17 MP: 3/6
   319 | D:3      | Learned a level 2 spell: Call Imp
   321 | D:3      | Noticed Natasha
   350 | D:3      | Found an iron altar of Okawaru.
   429 | D:3      | Killed Natasha
   429 | D:3      | Reached skill level 4 in Summonings
   480 | D:3      | Reached XP level 3. HP: 11/21 MP: 10/10
   481 | D:3      | Noticed Natasha
   486 | D:3      | Killed Natasha
   493 | D:3      | Learned a level 3 spell: Call Canine Familiar
   536 | D:3      | Found a glowing golden altar of the Shining One.
   685 | D:5      | Entered Level 5 of the Dungeon
   734 | D:6      | Noticed an ogre
   748 | D:6      | Killed an ogre
   748 | D:6      | Reached XP level 4. HP: 23/27 MP: 1/14
   846 | D:6      | Noticed an ogre
   869 | D:6      | Killed an ogre
   869 | D:6      | Reached XP level 5. HP: 31/31 MP: 5/16
   885 | D:6      | Learned a level 4 spell: Summon Lightning Spire
   899 | D:6      | Noticed timbw's ghost (average HESu)
   944 | D:7      | Noticed an ogre
   954 | D:7      | Reached skill level 5 in Summonings
   961 | D:7      | Killed an ogre
  1006 | D:7      | Gained mutation: Your flesh is cold resistant. [potion of mutation]
  1006 | D:7      | Gained mutation: Your magical capacity is low (-10% MP). [potion of mutation]
  1006 | D:7      | Gained mutation: You are partially covered in yellow scales (AC +2). [potion of mutation]
  1007 | D:7      | Gained mutation: You are resistant to electric shocks. [potion of mutation]
  1007 | D:7      | Gained mutation: Potions and wands are less effective at restoring your health. [potion of mutation]
  1007 | D:7      | Gained mutation: You are robust (+10% HP). [potion of mutation]
  1051 | D:7      | Found a radiant altar of Vehumet.
  1149 | D:7      | Reached skill level 5 in Spellcasting
  1183 | D:7      | Noticed a hippogriff
  1185 | D:7      | Reached XP level 6. HP: 24/39 MP: 2/18
  1344 | D:7      | Learned a level 4 spell: Summon Ice Beast
  1454 | D:7      | Killed a hippogriff
  1689 | D:6      | Reached skill level 6 in Spellcasting
  1947 | D:5      | Noticed a sky beast
  1959 | D:5      | Reached XP level 7. HP: 45/45 MP: 11/20
  1968 | D:5      | Killed a sky beast
  2110 | D:5      | Noticed Eustachio
  2123 | D:5      | Killed Eustachio
  2164 | D:5      | Noticed an ogre
  2177 | D:5      | Killed an ogre
  2323 | D:4      | Found a blossoming altar of Fedhas.
  2325 | D:4      | Found an ancient bone altar of Kikubaaqudgha.
  2349 | D:4      | Found a burning altar of Makhleb.
  2681 | D:4      | Found a staircase to the Ecumenical Temple.
  2687 | Temple   | Entered the Ecumenical Temple
  2701 | Temple   | Quit the game

Action                   |  1- 3 |  4- 6 |  7- 9 || total
-------------------------+-------+-------+-------++-------
Melee: Dagger            |    16 |       |       ||    16
       Unarmed           |     9 |       |       ||     9
       Whip              |    16 |    54 |    30 ||   100
 Cast: Summon Small Mamm |    17 |       |     3 ||    20
       Call Imp          |    14 |    28 |     8 ||    50
       Call Canine Famil |     7 |    25 |     5 ||    37
       Summon Lightning  |       |       |     1 ||     1
  Use: Scroll            |     4 |     1 |       ||     5
       Potion            |       |     2 |       ||     2
 Stab: Sleeping          |     1 |     2 |       ||     3
       Distracted        |     1 |       |       ||     1
  Eat: Chunk             |     1 |     5 |     3 ||     9
